 Dungeon Crawl Stone Soup version 0.18.1-50-g88ac8fd (webtiles) character file.

17312 negitausen the Carver (level 12, 0/111 HPs)
             Began as a Minotaur Berserker on Oct 8, 2016.
             Was a High Priest of Trog.
             Killed from afar by an electric eel (9 damage)
             ... with a bolt of electricity
             ... on level 1 of the Lair of Beasts.
             The game lasted 01:19:35 (10114 turns).

negitausen the Carver (Minotaur Berserker)         Turns: 10114, Time: 01:19:37

Health: 0/111      AC: 18    Str: 22    XL:     12   Next: 17%
Magic:  11/11      EV: 13    Int:  4    God:    Trog [*****.]
Gold:   893        SH: 10    Dex: 15    Spells: 0 memorised, 11 levels left

rFire  . . .     SeeInvis .     N - +3 scimitar (holy)
rCold  . . .     Gourm    .     P - +0 plate armour
rNeg   . . .     Faith    .     T - +0 shield
rPois  .         Spirit   .     (helmet restricted)
rElec  .         Dismiss  .     (no cloak)
rCorr  .         Reflect  .     v - +0 pair of gloves
SustAt .         Harm     .     n - +0 pair of boots
MR     ++...     Rnd*Rage +     R - amulet of magic regeneration
Stlth  ..........               m - +3 ring of slaying
                                C - +3 ring of evasion

@: regenerating, very resistant to hostile enchantments, extremely unstealthy
A: retaliatory headbutt, horns 2, berserk 1, mutation resistance 1
a: Berserk, Trog's Hand, Brothers in Arms, Burn Spellbooks, Renounce Religion


You were on level 1 of the Lair of Beasts.
You worshipped Trog.
Trog was extremely pleased with you.
You were not hungry.

You visited 2 branches of the dungeon, and saw 13 of its levels.
You also visited: Ossuary.

You collected 893 gold pieces.

Inventory:

Hand Weapons
 a - a +1 falchion
 g - a +0 dagger of pain
 t - the +3 rapier of Vanity {pain, rPois MP+9 Int-2}
   (You found it on level 5 of the Dungeon)

   In the hands of one skilled in necromantic magic, it inflicts extra damage on
   living creatures.
   It affects your intelligence (-2).
   It protects you from poison.
   It affects your magic capacity (+9).
 u - a +1 glaive
 y - a +4 hunting sling of flaming
 B - a +0 shortbow
 D - a +1 scimitar of flaming
 N - a +3 scimitar of holy wrath (weapon)
Missiles
 d - 5 needles of frenzy
 f - 143 sling bullets (quivered)
 r - 303 arrows
 s - 3 throwing nets
Armour
 b - a +0 animal skin
 l - a +0 scale mail
 n - a +0 pair of boots (worn)
 v - a +0 pair of gloves (worn)
 K - a +0 buckler
 P - a +0 plate armour (worn)
 T - a +0 shield (worn)
Jewellery
 h - a +3 ring of protection
 m - a +3 ring of slaying (right hand)
 p - an uncursed ring of see invisible
 C - a +3 ring of evasion (left hand)
 H - an uncursed amulet of dismissal
 R - an amulet of magic regeneration (around neck)
 W - a +4 ring of intelligence
Wands
 o - a wand of iceblast (9/15)
 A - a wand of digging (1/24)
 J - a wand of disintegration (17/24)
 L - a wand of slowing (13/48)
 M - a wand of enslavement (11/24)
 Q - a wand of random effects (26/48)
Scrolls
 e - 4 scrolls of remove curse
 j - 2 scrolls of identify
 z - 2 scrolls of recharging
 F - 2 scrolls of teleportation
 I - a scroll of enchant weapon
 Y - a scroll of blinking
Potions
 q - 2 potions of brilliance
 w - 3 potions of berserk rage
 x - 2 potions of curing
 E - a potion of agility
 O - a potion of cure mutation
Miscellaneous
 S - a plain deck of defence {drawn: 1}
Comestibles
 c - 6 bread rations
 i - 3 meat rations
 k - 2 beef jerkies
 G - 2 slices of pizza
 U - 6 royal jellies
 V - a fruit
 X - a chunk of flesh


   Skills:
 + Level 11.7 Fighting
 + Level 13.5 Long Blades
 + Level 2.1 Slings
 + Level 11.2 Armour
 + Level 9.6 Dodging
 + Level 1.7 Stealth
 + Level 5.5 Shields


You had 11 spell levels left.
You didn't know any spells.

Dungeon Overview and Level Annotations

Branches:
Dungeon (12/15)            Temple (0/1) D:4            Lair (1/8) D:11
    Orc (0/2) D:11

Altars:
Ashenzari
Cheibriados
Dithmenos
Elyvilon
Fedhas
Kikubaaqudgha
Nemelex Xobeh
Pakellas
Qazlal
Ru
Sif Muna
Trog
Zin

Shops:
D:4 :}   D:8 }   D:11 :


Innate Abilities, Weirdness & Mutations

You reflexively headbutt those who attack you in melee.
You have a pair of horns on your head.
You tend to lose your temper in combat.
You are somewhat resistant to further mutation.


Message History

The electric eel shoots out a bolt of lightning at you!
The bolt of electricity hits the plant.
The bolt of electricity hits you!
* * * LOW HITPOINT WARNING * * *
Drink which item? (? for menu, Esc to quit)
You feel better.
The electric eel shoots out a bolt of lightning at you!
The bolt of electricity misses you.
The bolt of electricity hits the plant.
The electric eel shoots out a bolt of lightning at you!
The bolt of electricity hits the electric eel.
The electric eel completely resists.
The bolt of electricity hits you!
* * * LOW HITPOINT WARNING * * *
The electric eel shoots out a bolt of lightning at you!
The bolt of electricity hits you!
* * * LOW HITPOINT WARNING * * *
The electric eel shoots out a bolt of lightning at you!
The bolt of electricity hits the electric eel.
The electric eel completely resists.
The bolt of electricity misses you.
The electric eel shoots out a bolt of lightning at you!
The bolt of electricity hits you!
You die...

...............#
#.............#
##...........# ..
##..........# P≈♣
##.....†.†## #### ♣♣≈≈≈
###.P##..†###P≈♣♣♣♣≈≈≈≈≈♣
#####....##♣P≈≈≈≈≈≈♣≈≈≈≈
###....♣≈≈≈P♣≈≈≈≈≈≈≈≈
#.....≈≈@≈≈≈≈≈≈≈≈≈≈≈≈
#.....♣P≈≈≈≈≈≈;;≈≈≈≈≈≈
#.....P♣≈≈≈≈≈P≈≈≈≈≈≈≈≈
#P.....≈♣P≈♣≈≈P≈≈≈≈≈≈≈≈
##......♣≈≈≈≈≈≈≈≈≈≈≈≈≈≈
##(.....♣≈≈≈♣≈≈♣≈≈≈≈≈
.......♣♣♣P≈≈P≈≈≈≈≈≈≈
........ ♣≈♣♣♣≈PP≈≈≈≈P
... ... ≈♣♣≈♣≈≈≈≈


You could see 2 electric eels.

Vanquished Creatures
  A hydra (D:12)
  Erica (D:8)
  Erolcha (D:11)
  An unseen horror (D:11)
  The ghost of feelmyfire the Protected, a novice GrFi (Ossuary)
  2 hill giants (D:11)
  The ghost of feelmyfire the Spear-Bearer, a novice MiFi of Okawaru (D:7)
  An ugly thing (D:12)
  A cyclops (D:12)
  The ghost of Philosophy the Ruffian, a novice TrBe of Trog (D:4)
  Joseph (D:8)
  A spiny frog (Lair:1)
  3 gargoyles
  Grinder (D:6)
  A vampire (D:12)
  Grum (D:8)
  11 yaks
  A steam dragon (D:9)
  3 hippogriffs
  3 hungry ghosts
  Edmund (D:4)
  A water moccasin (D:9)
  Duvessa (D:6)
  3 orc warriors
  An eye of draining (D:12)
  A black bear (D:8)
  3 ice beasts
  6 sky beasts
  4 ogres
  3 phantoms
  3 wolves (D:8)
  8 centaurs
  2 big kobolds
  Blork the orc (D:6)
  7 giant frogs
  Dowan (D:6)
  4 scorpions
  7 killer bees (D:10)
  9 wights
  2 electric eels (Lair:1)
  5 crimson imps
  4 howler monkeys
  A giant frog zombie (D:11)
  4 hounds
  20 orc wizards
  5 centaur skeletons (D:11)
  7 orc priests
  3 jellies
  Jessica (D:5)
  2 giant frog skeletons
  Natasha (thrice) (D:3)
  Terence (D:3)
  5 iguanas
  8 worker ants
  2 killer bee zombies
  11 sheep
  A hound skeleton (D:9)
  8 mummies (Ossuary)
  A howler monkey zombie (D:8)
  20 adders
  3 shadow imps
  An ooze (D:3)
  5 worms
  A dart slug (D:4)
  2 giant geckos
  44 orcs
  2 giant cockroaches
  A gnoll zombie (Ossuary)
  6 goblins
  8 hobgoblins
  12 jackals
  16 kobolds
  5 quokkas
  3 ball pythons
  A ball python skeleton (D:4)
  8 bats
  A giant gecko skeleton (D:6)
  3 giant newts
  3 hobgoblin zombies (Ossuary)
  A jackal skeleton (D:8)
  A jackal zombie (D:9)
  A kobold zombie (Ossuary)
  3 orc zombies (Ossuary)
  2 quokka zombies (D:4)
  10 rats
  A plant (Lair:1)
361 creatures vanquished.

Vanquished Creatures (others)
  2 plants (Lair:1)
2 creatures vanquished.

Grand Total: 363 creatures vanquished

Notes
Turn   | Place    | Note
--------------------------------------------------------------
     0 | D:1      | negitausen the Minotaur Berserker began the quest for the Orb.
     0 | D:1      | Reached XP level 1. HP: 19/19 MP: 0/0
   314 | D:1      | Reached XP level 2. HP: 25/27 MP: 1/1
   630 | D:2      | Reached skill level 4 in Long Blades
   703 | D:2      | Reached XP level 3. HP: 31/33 MP: 2/2
   778 | D:2      | Reached ** piety under Trog
  1300 | D:2      | Gained mutation: You are weak. (Str -2) [potion of mutation]
  1300 | D:2      | Gained mutation: You are very weak. (Str -4) [potion of mutation]
  1300 | D:2      | Gained mutation: You occasionally shout uncontrollably at your foes. [potion of mutation]
  1307 | D:2      | Reached XP level 4. HP: 25/40 MP: 3/3
  1408 | D:3      | Found a stormy altar of Qazlal.
  1416 | D:3      | Found a blossoming altar of Fedhas.
  1476 | D:3      | Noticed Terence
  1483 | D:3      | Noticed Natasha
  1495 | D:3      | Killed Terence
  1495 | D:3      | Reached skill level 5 in Long Blades
  1497 | D:3      | Killed Natasha
  1497 | D:3      | Reached XP level 5. HP: 38/47 MP: 4/4
  1530 | D:3      | Reached skill level 1 in Stealth
  1632 | D:3      | Noticed Natasha
  1649 | D:3      | Killed Natasha
  1649 | D:3      | Reached skill level 5 in Fighting
  1658 | D:3      | Noticed Natasha
  1663 | D:3      | Killed Natasha
  1667 | D:3      | Gained mutation: You are resistant to hostile enchantments. [potion of beneficial mutation]
  1668 | D:3      | Gained mutation: You have large cloven feet. [potion of beneficial mutation]
  1672 | D:3      | Reached *** piety under Trog
  1741 | D:3      | Found a white marble altar of Elyvilon.
  2058 | D:3      | Reached XP level 6. HP: 40/56 MP: 5/5
  2245 | D:4      | Found Xohaff's Book Shop.
  2309 | D:4      | Found Izxyejag's Gadget Emporium.
  2321 | D:4      | Noticed Philosophy's ghost (novice TrBe)
  2336 | D:4      | Killed Philosophy's ghost
  2336 | D:4      | Reached skill level 6 in Long Blades
  2336 | D:4      | Reached skill level 5 in Dodging
  2336 | D:4      | Reached XP level 7. HP: 20/63 MP: 6/6
  2433 | D:4      | Found an ancient bone altar of Kikubaaqudgha.
  2453 | D:4      | Found a staircase to the Ecumenical Temple.
  2453 | D:4      | Noticed Edmund
  2472 | D:4      | Killed Edmund
  2474 | D:4      | Reached skill level 7 in Long Blades
  2474 | D:4      | Reached XP level 8. HP: 20/70 MP: 7/7
  2558 | D:4      | Reached **** piety under Trog
  2558 | D:4      | Reached skill level 5 in Armour
  2624 | D:4      | Found a sand-covered staircase.
  2786 | Ossuary  | Entered an ossuary
  2867 | Ossuary  | Noticed feelmyfire's ghost (novice GrFi)
  2889 | Ossuary  | HP: 2/71 [feelmyfire's ghost (10)]
  2894 | Ossuary  | Killed feelmyfire's ghost
  2894 | Ossuary  | Reached skill level 8 in Long Blades
  2951 | Ossuary  | Gained mutation: You tend to lose your temper in combat. [potion of mutation]
  2951 | Ossuary  | Gained mutation: You regenerate slowly when monsters are visible. [potion of mutation]
  3583 | D:5      | Entered Level 5 of the Dungeon
  4233 | D:5      | Reached XP level 9. HP: 79/79 MP: 8/8
  4261 | D:5      | Noticed Jessica
  4265 | D:5      | Killed Jessica
  4270 | D:5      | Found a deep blue altar of Sif Muna.
  4325 | D:5      | Got a bone rapier
  4326 | D:5      | Identified the +3 rapier of Vanity {pain, rPois MP+9 Int-2} (You found it on level 5 of the Dungeon)
  4481 | D:5      | Found a snail-covered altar of Cheibriados.
  4725 | D:5      | Reached skill level 9 in Long Blades
  4892 | D:6      | Found a bloodstained altar of Trog.
  4930 | D:6      | Noticed Duvessa
  4940 | D:6      | Noticed Dowan
  4940 | D:6      | Killed Duvessa
  4947 | D:6      | Killed Dowan
  5065 | D:6      | Noticed Blork the orc
  5076 | D:6      | Killed Blork the orc
  5161 | D:6      | Reached skill level 10 in Long Blades
  5248 | D:6      | Noticed Grinder
  5253 | D:6      | Paralysed by Grinder for 4 turns
  5271 | D:6      | Killed Grinder
  5421 | D:7      | Noticed feelmyfire's ghost (novice MiFi)
  5444 | D:7      | Killed feelmyfire's ghost
  5444 | D:7      | Reached XP level 10. HP: 55/91 MP: 9/9
  5467 | D:7      | Found a sparkling altar of Nemelex Xobeh.
  5487 | D:7      | Found a deep blue altar of Sif Muna.
  5489 | D:7      | Found a sacrificial altar of Ru.
  5504 | D:7      | Lost mutation: You have large cloven feet. [potion of cure mutation]
  5504 | D:7      | Lost mutation: You tend to lose your temper in combat. [potion of cure mutation]
  5504 | D:7      | Lost mutation: You regenerate slowly when monsters are visible. [potion of cure mutation]
  5504 | D:7      | Lost mutation: You are very weak. (Str -4) [potion of cure mutation]
  5504 | D:7      | Lost mutation: You are resistant to hostile enchantments. [potion of cure mutation]
  5504 | D:7      | Lost mutation: You are weak. (Str -2) [potion of cure mutation]
  5504 | D:7      | Lost mutation: You occasionally shout uncontrollably at your foes. [potion of cure mutation]
  6086 | D:8      | Noticed Grum
  6116 | D:8      | Killed Grum
  6116 | D:8      | Received a gift from Trog
  6143 | D:8      | Noticed Joseph
  6163 | D:8      | Found Tocry's Gadget Shoppe.
  6174 | D:8      | Found an oddly glowing altar of Pakellas.
  6184 | D:8      | HP: 3/91 [Joseph/uncursed quarterstaff of pain (6)]
  6185 | D:8      | Killed Joseph
  6453 | D:8      | Noticed Erica
  6471 | D:8      | Killed Erica
  6471 | D:8      | Reached skill level 10 in Fighting
  6471 | D:8      | Reached skill level 11 in Long Blades
  6471 | D:8      | Reached skill level 1 in Slings
  6486 | D:8      | Found a shadowy altar of Dithmenos.
  6601 | D:8      | Found a shattered altar of Ashenzari.
  6824 | D:9      | Reached ***** piety under Trog
  7475 | D:9      | Found a glowing silver altar of Zin.
  7699 | D:9      | Reached XP level 11. HP: 101/101 MP: 10/10
  7719 | D:9      | Received a gift from Trog
  7902 | D:10     | Entered Level 10 of the Dungeon
  7968 | D:10     | Received a gift from Trog
  8053 | D:10     | Reached skill level 1 in Shields
  8531 | D:11     | Noticed Erolcha
  8543 | D:11     | Reached skill level 12 in Long Blades
  8543 | D:11     | Reached skill level 10 in Armour
  8553 | D:11     | Killed Erolcha
  8567 | D:11     | Found a staircase to the Lair.
  8597 | D:11     | Found Uckynnut's Book Shoppe.
  8617 | D:11     | Noticed a hill giant
  8619 | D:11     | Found a staircase to the Orcish Mines.
  8623 | D:11     | Killed a hill giant
  8712 | D:11     | Noticed a hill giant
  8721 | D:11     | Killed a hill giant
  8893 | D:11     | Killed an unseen horror
  9135 | D:12     | Noticed a six-headed hydra
  9148 | D:12     | Killed a one-headed hydra
  9160 | D:12     | Noticed a brown ugly thing
  9171 | D:12     | Killed a brown ugly thing
  9197 | D:12     | Reached skill level 13 in Long Blades
  9388 | D:12     | Reached XP level 12. HP: 73/110 MP: 11/11
  9667 | D:12     | Reached skill level 5 in Shields
  9793 | D:12     | Gained mutation: You tend to lose your temper in combat. [potion of mutation]
  9793 | D:12     | Gained mutation: You are somewhat resistant to further mutation. [potion of mutation]
 10006 | Lair:1   | Entered Level 1 of the Lair of Beasts
 10112 | Lair:1   | HP: 5/111 [electric eel/bolt of electricity (3)]
 10114 | Lair:1   | Killed from afar by an electric eel

Skill      XL: |  1  2  3  4  5  6  7  8  9 10 11 12 |
---------------+-------------------------------------+-----
Fighting       | 4 5 6 7 9 10 11 | 11.7
Long Blades    | 4 5 6 7 8 10 11 13 | 13.5
Dodging        | 3 4 5 6 7 8 9 |  9.6
Stealth        | 1 |  1.7
Armour         | 3 4 6 8 9 11 | 11.2
Slings         | 2 |  2.1
Shields        | 4 5 |  5.5

Action                   |  1- 3 |  4- 6 |  7- 9 | 10-12 || total
-------------------------+-------+-------+-------+-------++-------
Melee: Falchion          |    77 |   111 |   339 |    94 ||   621
       Headbutt          |    11 |    13 |    61 |   108 ||   193
       Kick              |       |     3 |       |       ||     3
       Scimitar          |       |       |       |   454 ||   454
 Fire: Hunting sling     |       |       |       |    14 ||    14
Invok: Trog's Hand       |       |     1 |     3 |     2 ||     6
       Berserk           |       |       |     2 |       ||     2
       Burn Spellbooks   |       |       |       |     1 ||     1
Evoke: Deck              |       |       |       |     1 ||     1
  Use: Potion            |     4 |     3 |     5 |     7 ||    19
       Scroll            |     2 |     4 |     7 |    13 ||    26
 Stab: Sleeping          |       |     1 |       |       ||     1
  Eat: Chunk             |     2 |     3 |     6 |     5 ||    16
       Fruit             |       |       |     1 |     3 ||     4
       Meat ration       |       |       |     1 |     1 ||     2
       Beef jerky        |       |       |       |     2 ||     2
       Bread ration      |       |       |       |     1 ||     1
Armor: Animal skin       |    17 |     6 |       |       ||    23
       Scale mail        |       |    39 |   113 |    80 ||   232
       Plate armour      |       |       |       |    98 ||    98
Dodge: Dodged            |    50 |    53 |   156 |   302 ||   561
Block: Buckler           |       |       |       |    21 ||    21
       Shield            |       |       |       |   121 ||   121
